 Dungeon Crawl Stone Soup version 0.24.0-13-gcf9b3192b9 (webtiles) character file.

Game seed: 1800947640058738112, levelgen mode: deterministic

495 mopl the Sneak (level 6, -10/45 HPs)
             Began as a Demigod Enchanter on Nov 6, 2019.
             Shot with an arrow by a centaur (11 damage)
             ... on level 5 of the Dungeon.
             The game lasted 00:06:55 (3866 turns).

mopl the Sneak (Demigod Enchanter)                  Turns: 3866, Time: 00:06:55

Health: -10/45     AC:  3    Str: 11    XL:     6   Next: 60%
Magic:  4/14       EV: 12    Int: 23    God:
Gold:   253        SH:  0    Dex: 19    Spells: 3/12 levels left

rFire    . . .     SeeInvis .   b - +1 dagger
rCold    . . .     Gourm    .   (no shield)
rNeg     . . .     Faith    .   o - +0 robe
rPois    .         Spirit   .   (no helmet)
rElec    .         Reflect  .   (no cloak)
rCorr    .         Harm     .   j - +0 pair of gloves
MR       .....                  (no boots)
Stlth    +++.......             n - amulet of magic regeneration
HPRegen  0.15/turn              p - +3 ring of dexterity
MPRegen  0.39/turn              (no ring)

@: very slightly contaminated
A: high mp 1
a: no special abilities


You were on level 5 of the Dungeon.
You were not hungry.

You visited 1 branch of the dungeon, and saw 5 of its levels.

You collected 253 gold pieces.

Inventory:

Hand Weapons
 a - a +3 short sword
 b - a +1 dagger (weapon)
 v - a +4 whip of electrocution
Missiles
 c - 126 stones (quivered)
 x - 3 boomerangs
Armour
 j - a +0 pair of gloves (worn)
 o - a +0 robe (worn)
 y - a +1 ring mail of fire resistance
Jewellery
 n - an amulet of magic regeneration (around neck)
 p - a +3 ring of dexterity (left hand)
Wands
 w - a wand of scattershot (2)
Scrolls
 e - a scroll of fear {unknown}
 f - a scroll of enchant weapon {unknown}
 i - 3 scrolls of teleportation {unknown}
 l - a scroll of immolation {unknown}
 q - a scroll of amnesia {unknown}
 r - a scroll of blinking {unknown}
 s - a scroll of remove curse {unknown}
 C - a scroll of magic mapping {unknown}
Potions
 h - 2 potions of resistance
 k - 2 potions of might {unknown}
 m - 3 potions of lignification {unknown}
 t - 4 potions of flight {unknown}
 u - 2 potions of haste
 z - a potion of berserk rage
 A - a potion of curing
 B - a potion of agility
Comestibles
 d - 8 rations


   Skills:
 - Level 0.8 Short Blades
 - Level 1.7 Dodging
 * Level 4.5 Stealth
 * Level 3.5 Spellcasting
 + Level 1.6 Conjurations
 * Level 4.3 Hexes
 + Level 2.0 Ice Magic


You had 3 spell levels left.
You knew the following spells:

 Your Spells              Type           Power        Failure   Level  Hunger
a - Corona                Hex            ###....      1%          1    None
b - Ensorcelled Hibernat  Hex/Ice        ###...       4%          2    #......
c - Confuse               Hex            ###.....     5%          3    ###....
g - Dazzling Spray        Conj/Hex       ###...       10%         3    ###....

Your spell library contained the following spells:

 Spells                   Type           Power        Failure   Level  Hunger
 Tukima's Dance           Hex            ###.....     5%          3    ###....


Dungeon Overview and Level Annotations

Branches:
Dungeon (5/15)
 Temple: D:4-7


Innate Abilities, Weirdness & Mutations

You have an increased reservoir of magic. (+10% MP)


Message History

Casting: Confuse (safe; 5% risk of failure)
Confirm with . or Enter, or press ? or * to list all spells.
Aiming: Confuse (safe; 5% risk of failure)
Press: ? - help, Shift-Dir - straight line, f/p - centaur
Aim: a centaur, wielding a +0 shortbow (chance to defeat MR: 52%)
The centaur resists with significant effort.
You are starving!
The centaur shoots an arrow.
The arrow hits you!
* * * LOW HITPOINT WARNING * * *
You eat one of the 9 rations.
That ration really hit the spot!
The centaur shoots an arrow.
The arrow hits you.
* * * LOW HITPOINT WARNING * * *
Casting: Confuse (safe; 5% risk of failure)
Confirm with . or Enter, or press ? or * to list all spells.
Aiming: Confuse (safe; 5% risk of failure)
Press: ? - help, Shift-Dir - straight line, f/p - centaur
Aim: a centaur, wielding a +0 shortbow (chance to defeat MR: 52%)
The centaur resists with significant effort.
The centaur shoots an arrow.
The arrow hits you!
You die...

##
######...##
#<.@.cJ...#
#.####....#
#.# #.. #.#
... ##. .
.#


You could see a centaur and a jelly.

Vanquished Creatures
  Menkaure (D:4)
  2 scorpions (D:4)
  An iguana (D:5)
  2 hound skeletons (D:4)
  4 gnolls (D:3)
  7 adders
  An ooze (D:1)
  7 worms
  5 dart slugs
  3 leopard geckos
  4 orcs (D:3)
  4 bats
  6 giant cockroaches
  13 goblins
  6 hobgoblins
  4 jackals
  6 quokkas
  A ball python (D:2)
  3 frilled lizards (D:1)
  8 kobolds
  A quokka skeleton (D:4)
  5 rats
94 creatures vanquished.

Notes
Turn   | Place    | Note
-------+----------+-------------------------------------------
     0 | D:1      | mopl the Demigod Enchanter began the quest for the Orb.
     0 | D:1      | Reached XP level 1. HP: 14/14 MP: 5/5
   392 | D:1      | Reached XP level 2. HP: 13/20 MP: 5/7
   396 | D:1      | Learned a level 2 spell: Ensorcelled Hibernation
   876 | D:1      | Reached XP level 3. HP: 7/26 MP: 1/8
   908 | D:1      | Learned a level 3 spell: Dazzling Spray
  1171 | D:2      | Found a faded altar of an unknown god.
  1795 | D:2      | Reached XP level 4. HP: 33/33 MP: 2/10
  1974 | D:2      | Found a glowing silver altar of Zin.
  1977 | D:2      | Found a shimmering altar of Xom.
  1981 | D:2      | Found a hazy altar of Hepliaklqana.
  2159 | D:2      | Reached skill level 1 in Ice Magic
  2609 | D:3      | Reached XP level 5. HP: 27/38 MP: 1/12
  2668 | D:3      | Reached skill level 1 in Conjurations
  2703 | D:3      | Learned a level 3 spell: Confuse
  3123 | D:4      | Found a shadowy altar of Dithmenos.
  3161 | D:4      | Found a shattered altar of Ashenzari.
  3273 | D:4      | Found a radiant altar of Vehumet.
  3425 | D:4      | Noticed Menkaure
  3440 | D:4      | Killed Menkaure
  3440 | D:4      | Reached XP level 6. HP: 17/45 MP: 1/14
  3858 | D:5      | Entered Level 5 of the Dungeon
  3865 | D:5      | HP: 1/45 [centaur/arrow (6)]
  3866 | D:5      | Shot with an arrow by a centaur

Levels and vault maps discovered:
D:1:      dpeg_arrival_rhombus, layout_basic, serial_glass, glass_columns_a,
          glass_columns_b, chequers_jeans, supply_closet_lemuel,
          hangedman_decor_riveting, minmay_octomino_c4
D:2:      layout_loops_ring, grunt_temple_overflow_diamond,
          chequers_ecumenical_altar_grove, grunt_ministairs_11
D:3:      layout_loops_ring
D:4:      layout_loops_ring, grunt_dithmenos_smoke_and_mirrors,
          kennysheep_little_box, evilmike_ruin_ashenzari, serial_bayou_pond_c,
          uniq_menkaure
D:5:      layout_loops_ring, temple_doors_e, first_ration, uniq_prince_ribbit1,
          uniq_pikel

Skill      XL: |  1  2  3  4  5  6 |
---------------+-------------------+-----
Spellcasting   | 2 3 |  3.5
Stealth        | 3 4 |  4.5
Hexes          | 3 4 |  4.3
Ice Magic      | 1 2 |  2.0
Conjurations   | 1 |  1.6
Short Blades   | |  0.8
Dodging        | |  1.7

Action                   |  1- 3 |  4- 6 || total
-------------------------+-------+-------++-------
Melee: Dagger            |    74 |     2 ||    76
       Short sword       |    30 |   108 ||   138
Throw: Stone             |     4 |       ||     4
 Cast: Corona            |     7 |       ||     7
       Ensorcelled Hiber |    25 |    17 ||    42
       Dazzling Spray    |     1 |     7 ||     8
       Confuse           |       |     5 ||     5
  Use: Scroll            |       |     5 ||     5
 Stab: Sleeping          |    24 |    25 ||    49
       Invisible         |       |     1 ||     1
       Confused          |       |     1 ||     1
  Eat: Chunk             |     4 |     7 ||    11
       Ration            |       |     1 ||     1
Armor: Robe              |    19 |    23 ||    42
Dodge: Dodged            |    54 |    55 ||   109
